 Dungeon Crawl Stone Soup version 0.21-a0-241-g2cbab09 (webtiles) character file.

13084 Atlas the Geomancer (level 11, -8/81 HPs)
             Began as a Green Draconian Earth Elementalist on Sept 3, 2017.
             Was an Elder of Sif Muna.
             Mangled by a two-headed ogre
             ... wielding a +0 giant club
              (12 damage)
             ... on level 11 of the Dungeon.
             The game lasted 00:21:18 (12785 turns).

Atlas the Geomancer (DrEE)                         Turns: 12785, Time: 00:21:21

Health: -8/81      AC: 11    Str: 14    XL:     11   Next: 70%
Magic:  0/26       EV: 14    Int: 26    God:    Sif Muna [****..]
Gold:   392        SH:  0    Dex:  9    Spells: 13/32 levels left

rFire    . . .     SeeInvis +   U - +1 broad axe of Demonkind {drain, rC+ SInv} (curse)
rCold    + . .     Gourm    +   (no shield)
rNeg     . . .     Faith    .   (armour unavailable)
rPois    +         Spirit   .   (helmet restricted)
rElec    +         Reflect  .   z - +2 cloak
rCorr    .         Harm     .   y - +0 pair of gloves
MR       .....                  (no boots)
Stlth    ++........             B - amulet of the gourmand
HPRegen  0.23/turn              A - +5 ring of intelligence
MPRegen  0.20/turn              Q - +3 ring of strength

@: short of breath, no casting
A: breathe noxious fumes, unfitting armour, claws 1, stinger 1, talons 1, clever
1, clumsy 1, poison resistance, electricity resistance, cold-blooded, AC +7
a: Breathe Noxious Fumes, Stop Divine Energy, Channel Magic, Forget Spell,
Renounce Religion


You were on level 11 of the Dungeon.
You worshipped Sif Muna.
Sif Muna was greatly pleased with you.
You were very full.

You visited 2 branches of the dungeon, and saw 12 of its levels.

You collected 830 gold pieces.
You spent 438 gold pieces at shops.

Inventory:

Hand Weapons
 U - the cursed +1 broad axe of Demonkind (weapon) {drain, rC+ SInv}
   (You bought it in a shop on level 9 of the Dungeon)

   A truly terrible weapon, it drains the life of those it strikes.
   It protects you from cold.
   It lets you see invisible.
   It has a curse placed upon it.
Missiles
 b - 351 stones (quivered)
Armour
 y - a +0 pair of gloves (worn)
 z - a +2 cloak (worn)
Jewellery
 v - an uncursed ring of fire
 A - a +5 ring of intelligence (left hand)
 B - an amulet of the gourmand (around neck)
 G - an uncursed ring of flight {unknown}
 Q - a +3 ring of strength (right hand)
 V - an uncursed ring of positive energy
 W - an uncursed ring of resist corrosion
Wands
 s - a wand of digging (15/24)
 D - a wand of paralysis (11/24)
 I - a wand of flame (29/48)
 J - a wand of enslavement (10/24)
 L - a wand of acid (1/15)
 O - a wand of lightning (6/15)
Scrolls
 i - 8 scrolls of teleportation
 j - 2 scrolls of recharging
 n - 3 scrolls of fog
 q - 4 scrolls of amnesia
 u - 2 scrolls of enchant weapon
 C - 2 scrolls of remove curse
 H - a scroll of identify
 K - 2 scrolls of magic mapping
 M - a scroll of blinking
 P - a scroll of fear
 T - a scroll of brand weapon
Potions
 e - 3 potions of lignification
 k - 2 potions of might
 l - a potion of resistance
 m - a potion of heal wounds
 o - 3 potions of cancellation
 p - 5 potions of haste
 t - 2 potions of curing
 w - a potion of flight
 x - a potion of berserk rage
 E - 2 potions of mutation
 F - a potion of magic
 N - a potion of agility
Books
 d - a book of Geomancy

   Spells                             Type                      Level
   a - Sandblast                      Earth                        1
   b - Passwall                       Transmutation/Earth          2
   c - Stone Arrow                    Conjuration/Earth            3
   d - Petrify                        Transmutation/Earth          4
   e - Lee's Rapid Deconstruction     Earth                        5
 g - a book of Debilitation

   Spells                             Type                      Level
   a - Corona                         Hexes                        1
   b - Slow                           Hexes                        2
   c - Inner Flame                    Hexes/Fire                   3
   d - Portal Projectile              Hexes/Translocation          3
   e - Cause Fear                     Hexes                        4
   f - Leda's Liquefaction            Hexes/Earth                  4
 r - a book of Misfortune

   Spells                             Type                      Level
   a - Confusing Touch                Hexes                        1
   b - Confuse                        Hexes                        3
   c - Gell's Gravitas                Translocation                3
   d - Petrify                        Transmutation/Earth          4
   e - Metabolic Englaciation         Hexes/Ice                    5
   f - Yara's Violent Unravelling     Hexes/Transmutation          5
 S - a book of Frost

   Spells                             Type                      Level
   a - Freeze                         Ice                          1
   b - Throw Frost                    Conjuration/Ice              2
   c - Ozocubu's Armour               Charms/Ice                   3
   d - Throw Icicle                   Conjuration/Ice              4
   e - Summon Ice Beast               Ice/Summoning                4
Comestibles
 a - 9 fruits
 c - 9 bread rations
 f - 8 royal jellies
 h - 5 meat rations


   Skills:
 + Level 2.8 Fighting
 + Level 2.4 Axes
 + Level 4.9 Dodging
 - Level 1.7 Stealth
 + Level 2.8 Unarmed Combat
 + Level 11.4 Spellcasting
 + Level 5.1 Conjurations
 + Level 0.1 Hexes
 + Level 1.0 Transmutations
 + Level 11.6 Earth Magic


You had 13 spell levels left.
You knew the following spells:

 Your Spells              Type           Power        Failure   Level  Hunger
a - Sandblast             Erth           ######       1%          1    None
b - Passwall              Tmut/Erth      #####.....   1%          2    None
c - Stone Arrow           Conj/Erth      ######       1%          3    None
d - Lee's Rapid Deconstr  Erth           ######....   1%          5    ###....
e - Petrify               Tmut/Erth      #####...     3%          4    None
f - Leda's Liquefaction   Hex/Erth       #####.....   3%          4    None


Dungeon Overview and Level Annotations

Branches:
Dungeon (11/15)            Temple (1/1) D:6            Lair (0/6) D:8
    Orc: D:9-12

Altars:
Ashenzari
Cheibriados
Dithmenos
Elyvilon
Fedhas
Gozag
Hepliaklqana
Kikubaaqudgha
Makhleb
Nemelex Xobeh
Okawaru
Qazlal
Ru
Sif Muna
Trog
Uskayaw
Vehumet
Wu Jian
Xom
Yredelemnul
The Shining One

Shops:
D:9 ([%%   D:10 }


Innate Abilities, Weirdness & Mutations

You can breathe blasts of noxious fumes.
Your lurid green scales are hard. (AC +7)
You cannot fit into any form of body armour.
Your system is resistant to poisons. (rPois)
You are cold-blooded and may be slowed by cold attacks.
You have sharp fingernails.
Your tail ends in a poisonous barb.
You have sharp toenails.
Your mind is acute. (Int +2)
You are clumsy. (Dex -2)
You are resistant to electric shocks. (rElec)


Message History

Aiming: Sandblast
Press: ? - help, Shift-Dir - straight line, f/p - two-headed ogre
Aim: a two-headed ogre, wielding two giant clubs (almost dead, lightly drained)
The blast of sand misses the two-headed ogre.
b - 352 stones The two-headed ogre hits you with a giant club!
* * * LOW HITPOINT WARNING * * *
The two-headed ogre barely misses you.
Casting: Sandblast
Confirm with . or Enter, or press ? or * to list all spells.
Aiming: Sandblast
Press: ? - help, Shift-Dir - straight line, f/p - two-headed ogre
Aim: a two-headed ogre, wielding two giant clubs (almost dead, lightly drained)
The blast of sand hits the two-headed ogre.
The two-headed ogre is almost dead.
b - 351 stones Sif Muna grants you divine energy.
You briefly lose access to your magic!
The two-headed ogre hits you with a giant club!
You die...

## .## .. #.## .# ##.##
.# . ###.## .####..
.###.# ##.#... .##.##
#.... .#.## #..####.. #
..## #@O..?... . .##
#.#####.. # .## ##.# #
#.## #..# #.# # ##.##
#######..# #.# ### ##(#
#.......#.### ##'## #..
##.##
#.#####.....###...##
#.. #.##
##.#####.#.#.##.....##
#.. .)#
#..........#.#.......##
#..


You could see a two-headed ogre.

Vanquished Creatures
  Snorg (D:11)
  A fire dragon (D:11)
  4 two-headed ogres (D:9)
  An unseen horror (D:10)
  Pikel (D:5)
  Maurice (D:10)
  3 trolls
  A hornet (D:9)
  Grinder (D:5)
  A hippogriff (D:9)
  2 wyverns
  3 hogs (D:7)
  A human (D:7)
  A yak (D:7)
  A steam dragon (D:9)
  Edmund (D:5)
  3 wargs (D:8)
  A water moccasin (D:11)
  4 orc warriors
  A slave (D:4)
  2 black bears
  A sky beast (D:7)
  8 ogres
  5 centaurs
  3 big kobolds
  4 bullfrogs
  3 scorpions
  7 wights
  2 howler monkeys
  4 electric eels (D:7)
  3 crimson imps
  A quasit (D:9)
  2 bullfrog zombies
  11 orc priests
  5 jellies
  Crazy Yiuf (D:2)
  4 hounds
  2 bullfrog skeletons
  3 centaur skeletons
  2 iguanas
  13 orc wizards
  6 worker ants
  2 killer bee zombies (D:7)
  A hound skeleton (D:5)
  2 howler monkey zombies
  A worker ant zombie (D:9)
  18 adders
  5 shadow imps
  2 adder skeletons
  An adder zombie (D:3)
  7 worms
  2 dart slugs
  8 leopard geckos
  37 orcs
  8 bats
  6 giant cockroaches
  A goblin (D:3)
  6 hobgoblins
  8 jackals
  23 kobolds
  3 quokkas
  4 frilled lizards
  A leopard gecko skeleton (D:5)
  A quokka skeleton (D:6)
  A quokka zombie (D:5)
  5 rats
278 creatures vanquished.

Vanquished Creatures (others)
  A slave (D:5)
  A centaur zombie (D:5)
  An iguana (D:5)
3 creatures vanquished.

Grand Total: 281 creatures vanquished

Notes
Turn   | Place    | Note
-------+----------+-------------------------------------------
     0 | D:1      | Atlas the Draconian Earth Elementalist began the quest for the Orb.
     0 | D:1      | Reached XP level 1. HP: 14/14 MP: 3/3
   125 | D:1      | Reached XP level 2. HP: 20/20 MP: 1/5
   641 | D:2      | Reached XP level 3. HP: 18/26 MP: 1/6
  1048 | D:2      | Found a runed door.
  1112 | D:2      | Learned a level 2 spell: Passwall
  1116 | D:2      | Learned a level 3 spell: Stone Arrow
  1320 | D:2      | Found an iron altar of Okawaru.
  1323 | D:2      | Reached XP level 4. HP: 33/33 MP: 4/8
  1486 | D:2      | Noticed a hand axe
  1487 | D:2      | Noticed a dagger
  1488 | D:2      | Found a hide-covered altar of Uskayaw.
  1950 | D:2      | Noticed Crazy Yiuf
  1954 | D:2      | Killed Crazy Yiuf
  2259 | D:3      | Reached XP level 5. HP: 37/38 MP: 4/10
  2262 | D:3      | Noticed an ogre
  2269 | D:3      | Killed an ogre
  2600 | D:3      | Reached XP level 6. HP: 38/45 MP: 0/12
  2841 | D:4      | Reached skill level 5 in Earth Magic
  2867 | D:4      | Found a shattered altar of Ashenzari.
  3010 | D:4      | Found a sparkling altar of Nemelex Xobeh.
  3226 | D:4      | Found a sacrificial altar of Ru.
  3256 | D:4      | Reached skill level 5 in Spellcasting
  3463 | D:4      | Your scales start taking on a lurid green colour.
  3463 | D:4      | Reached XP level 7. HP: 51/51 MP: 10/15
  3463 | D:4      | Gained mutation: Your system is resistant to poisons. (rPois) [Green Draconian growth]
  3803 | D:5      | Entered Level 5 of the Dungeon
  3824 | D:5      | Noticed Edmund
  3831 | D:5      | Got a shimmering robe
  3840 | D:5      | Killed Edmund
  3928 | D:5      | Identified the cursed +1 robe of Weteyv {Str+5 Int+4} (You found it on level 5 of the Dungeon)
  4114 | D:5      | Noticed Pikel
  4226 | D:5      | Killed Pikel
  4226 | D:5      | Reached skill level 1 in Fighting
  4226 | D:5      | Reached XP level 8. HP: 30/59 MP: 8/18
  4402 | D:5      | Noticed Grinder
  4402 | D:5      | Paralysed by Grinder for 7 turns
  4423 | D:5      | Killed Grinder
  4635 | D:5      | Learned a level 5 spell: Lee's Rapid Deconstruction
  4640 | D:5      | Learned a level 4 spell: Petrify
  4645 | D:5      | Learned a level 4 spell: Leda's Liquefaction
  5007 | D:6      | Reached skill level 1 in Conjurations
  5100 | D:6      | Reached skill level 1 in Unarmed Combat
  5452 | D:6      | Found a staircase to the Ecumenical Temple.
  5460 | Temple   | Entered the Ecumenical Temple
  5474 | Temple   | Became a worshipper of Sif Muna the Loreminder
  5779 | D:6      | Reached XP level 9. HP: 64/64 MP: 13/20
  6168 | D:7      | Found a transporter.
  6198 | D:7      | Found a transporter.
  6822 | D:7      | Gained mutation: You are resistant to electric shocks. (rElec) [mutagenic meat]
  6823 | D:7      | Gained mutation: You are clumsy. (Dex -2) [mutagenic meat]
  6824 | D:7      | Gained mutation: You have sharp toenails. [mutagenic meat]
  6825 | D:7      | Gained mutation: You have sharp fingernails. [mutagenic meat]
  6826 | D:7      | Gained mutation: Your mind is acute. (Int +2) [mutagenic meat]
  6827 | D:7      | Gained mutation: Your tail ends in a poisonous barb. [mutagenic meat]
  6923 | D:7      | Reached * piety under Sif Muna
  7318 | D:7      | Found an ornate altar of the Wu Jian Council.
  7493 | D:8      | Found a basalt altar of Yredelemnul.
  7509 | D:8      | Found a staircase to the Lair.
  7516 | D:8      | Reached ** piety under Sif Muna
  7528 | D:8      | Reached XP level 10. HP: 45/73 MP: 0/23
  8519 | D:9      | Found Othreuc's Armour Boutique.
  8519 | D:9      | Found Peuweg's Food Boutique.
  8519 | D:9      | Noticed a two-headed ogre
  8597 | D:9      | Reached skill level 10 in Earth Magic
  8813 | D:9      | Killed a two-headed ogre
  8813 | D:9      | Reached skill level 10 in Spellcasting
  8817 | D:9      | Reached *** piety under Sif Muna
  9370 | D:9      | Noticed a two-headed ogre
  9374 | D:9      | Killed a two-headed ogre
  9609 | D:9      | Noticed a two-headed ogre
  9616 | D:9      | Killed a two-headed ogre
  9616 | D:9      | Reached XP level 11. HP: 73/79 MP: 9/25
  9640 | D:9      | Found Esecsy's Weapon Boutique.
  9651 | D:9      | Bought the cursed +1 broad axe of Demonkind {drain, rC+ SInv} for 438 gold pieces
  9674 | D:9      | Found Coajig's Food Boutique.
  9703 | D:9      | Noticed a two-headed ogre
  9708 | D:9      | Killed a two-headed ogre
  9708 | D:9      | Reached **** piety under Sif Muna
 10096 | D:10     | Entered Level 10 of the Dungeon
 10124 | D:10     | Found Onleeko's Gadget Shoppe.
 10399 | D:10     | Noticed Maurice
 10408 | D:10     | Killed Maurice
 10944 | D:10     | Noticed an unseen horror
 10957 | D:10     | Killed an unseen horror
 11881 | D:11     | Reached skill level 1 in Axes
 12216 | D:11     | Noticed Snorg
 12231 | D:11     | Killed Snorg
 12760 | D:11     | Noticed a fire dragon
 12771 | D:11     | Killed a fire dragon
 12771 | D:11     | Reached skill level 5 in Conjurations
 12772 | D:11     | Noticed a two-headed ogre
 12784 | D:11     | HP: 4/81 [two-headed ogre/giant club (16)]
 12785 | D:11     | Mangled by a two-headed ogre

Vault maps used:
D:1:      ncdulo_halloftheorcs, item_on_display_a
D:2:      okawaru_trees_2, dancing_weapons_uskayaw, minmay_octomino_e4,
          uniq_crazy_yiuf_cottage
D:4:      kennysheep_six_static_rooms, kennysheep_mini,
          overflow_temple_1_default, nicolae_zen_rock_garden,
          cheibrodos_ashenzari_chains
D:5:      first_bread, serial_park_tiny_1, uniq_grinder, uniq_pikel, uniq_edmund
D:6:      minmay_temple_entry_overgrown
D:7:      gammafunk_steamed_eel, kennysheep_mini_moat, grunt_livestock,
          columned_hall_lemuel
D:8:      lemuel_crystal_altar, erik_lair_orcish_takeover
D:9:      serial_shops, shop, shop, shop, shop_fountains
D:10:     serial_shops, kennysheep_little_box, uniq_maurice
D:11:     eino_small_chamber_without_monster, uniq_snorg
Temple:   lightli_temple_of_artemis

Skill      XL: |  1  2  3  4  5  6  7  8  9 10 11 |
---------------+----------------------------------+-----
Dodging        | 2 3 4 |  4.9
Earth Magic    | 4 5 7 8 9 10 11 | 11.6
Spellcasting   | 3 4 5 6 7 9 10 11 | 11.4
Fighting       | 1 2 |  2.8
Conjurations   | 1 2 3 5 |  5.1
Unarmed Combat | 1 2 |  2.8
Axes           | 2 |  2.4
Stealth        | |  1.7
Hexes          | |  0.1
Transmutations | |  1.0

Action                   |  1- 3 |  4- 6 |  7- 9 | 10-12 || total
-------------------------+-------+-------+-------+-------++-------
Melee: Unarmed           |    27 |     5 |    58 |    61 ||   151
       Tailslap          |     1 |     1 |     3 |    13 ||    18
       Kick              |       |       |     5 |    30 ||    35
       Broad axe         |       |       |       |    64 ||    64
 Cast: Sandblast         |    37 |    88 |    74 |    50 ||   249
       Stone Arrow       |     2 |       |    52 |   122 ||   176
       Lee's Rapid Decon |       |       |    20 |    19 ||    39
       Leda's Liquefacti |       |       |     3 |       ||     3
       Petrify           |       |       |       |     1 ||     1
Invok: Divine Energy     |       |       |       |     1 ||     1
 Abil: Breathe Noxious F |       |       |     2 |     8 ||    10
  Use: Potion            |     1 |       |     1 |     1 ||     3
       Scroll            |       |    15 |     6 |     9 ||    30
 Stab: Confused          |       |       |       |     3 ||     3
  Eat: Chunk             |     2 |     6 |    32 |    19 ||    59
Armor: Skin              |    14 |     9 |    50 |    78 ||   151
Dodge: Dodged            |    34 |    24 |    84 |   139 ||   281

Table legend:
 A = Spawn XP
 B = Non-spawn XP
 C = Spawn XP percentage of total XP
 D = Spawn monster count
 E = Non-spawn monster count
 F = Spawn count percentage of total count
 G = Total turns spent on level
                    A         B        C        D         E        F      G
               +---------+---------+-------+---------+---------+-------+---------
         Total |    4179 |   14513 |  22.4 |      44 |     233 |  15.9 | 12785
               +---------+---------+-------+---------+---------+-------+---------
           D:1 |       0 |      37 |   0.0 |       0 |      14 |   0.0 |   772
           D:2 |       6 |     128 |   4.5 |       2 |      21 |   8.7 |  1249
           D:3 |      18 |     258 |   6.5 |       4 |      19 |  17.4 |   793
           D:4 |     208 |     258 |  44.6 |       5 |      10 |  33.3 |  1077
           D:5 |      94 |    1292 |   6.8 |       5 |      17 |  22.7 |  1098
           D:6 |       0 |     680 |   0.0 |       0 |      15 |   0.0 |  1005
           D:7 |      32 |    1936 |   1.6 |       2 |      39 |   4.9 |  1439
           D:8 |      16 |    1548 |   1.0 |       2 |      30 |   6.2 |  1106
           D:9 |    2789 |    3559 |  43.9 |      12 |      35 |  25.5 |  1528
          D:10 |     331 |    1896 |  14.9 |       7 |      16 |  30.4 |  1264
          D:11 |     685 |    2921 |  19.0 |       5 |      17 |  22.7 |  1425
               +---------+---------+-------+---------+---------+-------+---------
